 Dungeon Crawl Stone Soup version 0.29-a0-757-g358383bc75 (webtiles) character file.

Game seed: 14014411293339044302

72 elite277 the Conjurer (level 4, -1/30 HPs)
             Began as a Human Conjurer on June 30, 2022.
             Slain by Terence
             ... wielding a +0 falchion
              (9 damage)
             ... on level 2 of the Dungeon.
             The game lasted 00:06:05 (1625 turns).

elite277 the Conjurer (Human Conjurer)              Turns: 1625, Time: 00:06:06

Health: -1/30      AC:  2    Str: 13    XL:     4   Next: 50%
Magic:  4/8        EV: 12    Int: 20    God:
Gold:   76         SH:  0    Dex: 12    Spells: 1/8 levels left

rFire   . . .      SeeInvis .   g - +2 short sword (venom)
rCold   + . .      Faith    .   (no shield)
rNeg    . . .      Spirit   .   a - +0 robe
rPois   .          Reflect  .   (no helmet)
rElec   .          Harm     .   (no cloak)
rCorr   .          Rampage  .   (no gloves)
Will    .....                   (no boots)
Stlth   ++........              (no amulet)
HPRegen 0.10/turn               i - +6 ring of strength
MPRegen 0.11/turn               (no ring)

@: lethally poisoned (-1 -> -2)
A: cold resistance 1, MP-powered wands
a: no special abilities


You were on level 2 of the Dungeon.
You visited 1 branch of the dungeon, and saw 2 of its levels.

You collected 76 gold pieces.

Inventory:

Hand Weapons
 f - a +0 short sword
 g - a +2 short sword of venom (weapon)
Missiles
 k - 5 boomerangs
Armour
 a - a +0 robe (worn)
Jewellery
 i - a +6 ring of strength (left hand)
Scrolls
 c - a scroll of enchant armour {unknown}
 d - 5 scrolls of teleportation {unknown}
 h - 2 scrolls of identify {unknown}
 j - a scroll of poison {unknown}
 o - a scroll of noise {unknown}
Potions
 b - a potion of magic
 l - a potion of resistance {unknown}
 m - a potion of lignification {unknown}
 n - a potion of curing {unknown}


   Skills:
 + Level 0.1 Short Blades
 + Level 2.1 Dodging
 + Level 2.8 Stealth
 + Level 2.7 Spellcasting
 + Level 4.7 Conjurations


You had one spell level left.
You knew the following spells:

 Your Spells              Type           Power      Damage    Failure   Level
a - Magic Dart            Conj           84%        1d7       1%          1
b - Searing Ray           Conj           42%        2d6       3%          2
c - Fulminant Prism       Conj/Hex       6%         3d7       50%         4

Your spell library contained the following spells:

 Spells                   Type           Power      Damage    Failure   Level
 Sting                    Tmut/Pois      8%         1d3       14%         1
 Dazzling Flash           Conj/Hex       24%        N/A       17%         3
 Poisonous Vapours        Pois/Air       4%         N/A       22%         2
 Iskenderun's Mystic Bla  Conj/Tloc      12%        2d5       50%         4
 Olgreb's Toxic Radiance  Pois           2%         N/A       82%         4


Dungeon Overview and Level Annotations

Branches:
Dungeon (2/15)

Altars:

Shops:
D:2 :

Annotations:
D:2 Terence


Innate Abilities, Weirdness & Mutations

Your flesh is cold resistant. (rC+)
You expend magic power (3 MP) to strengthen your wands.


Message History

An adder comes into view.
There is an entrance to Ihynaebargh's Book Boutique here.
There is a fountain of clear blue water here.
Casting: Magic Dart (safe; 1% risk of failure)
Confirm with . or Enter, or press ? or * to list all spells.
Aiming: Searing Ray (safe; 3% risk of failure)
Press: ? - help, Shift-Dir - straight line, f - Terence
Aim: Terence, wielding a +0 falchion and wearing a +0 chain mail (asleep, 100% to hit)
The searing ray hits Terence but does no damage. (Press . to maintain the ray.)
The adder hisses angrily.
A gnoll comes into view. It is wielding a +0 club.
The searing ray hits Terence.
Terence is moderately wounded.
The searing ray hits Terence!
Terence is severely wounded.
The searing ray hits Terence.
Terence is almost dead.
You finish channelling your searing ray.
Terence misses you. The adder bites you.
You are poisoned.
The adder poisons you!
You feel sick.
A quokka comes into view.
Terence says, "Don't bother to defend, it's useless."
Terence attacks as you move away! Terence hits you with a +0 falchion.
You feel sick.
There is a fountain of clear blue water here.
Terence attacks as you move away! Terence hits you with a +0 falchion!
The adder attacks as you move away! The adder barely misses you.
You feel sick. Terence attacks as you move away!
Terence hits you with a +0 falchion.
You feel sick.
You hit Terence but do no damage.
Terence is almost dead.
You feel sick. Terence closely misses you. x2
It was a potion of mutation.
You feel extremely strange.
You feel resistant to cold.
You feel your magical essence link to the dungeon's wands.
You feel sick. Terence hits you with a +0 falchion!
You die...

########## # .........#
#########... #.....##.
#.⌠.⌠r...... .......# #
#r.∩g.# .......#.#
#Sg.⌠.# .........#
#@##### #.....#### #@#
##....# #####.# ####.#
#...#.# ### #.#
#.....##### #.###.#
#.....†...#
...##.#######....###....
........................
...#..#######....###..
#.##.## #.#..#


You could see Terence, a gnoll, an adder and a quokka.

Vanquished Creatures
  Natasha (D:2)
  Robin (D:2)
  A dart slug (D:2)
  2 ball pythons (D:1)
  4 bats (D:1)
  An endoplasm (D:1)
  A giant cockroach (D:1)
  6 hobgoblins
  2 quokkas
  7 goblins (D:2)
  3 kobolds (D:1)
  2 rats (D:1)
31 creatures vanquished.

Notes
Turn   | Place    | Note
-------+----------+-------------------------------------------
     0 | D:1      | elite277 the Human Conjurer began the quest for the Orb.
     0 | D:1      | Reached XP level 1. HP: 13/13 MP: 3/3
   273 | D:1      | Reached XP level 2. HP: 19/19 MP: 3/5
   795 | D:1      | Reached XP level 3. HP: 24/24 MP: 6/6
   924 | D:1      | Learned a level 2 spell: Searing Ray
  1068 | D:2      | Noticed Robin
  1075 | D:2      | Killed Robin
  1332 | D:2      | Found a faded altar of an unknown god.
  1529 | D:2      | Noticed Natasha
  1538 | D:2      | Killed Natasha
  1539 | D:2      | Reached XP level 4. HP: 30/30 MP: 0/8
  1546 | D:2      | Learned a level 4 spell: Fulminant Prism
  1609 | D:2      | Found Ihynaebargh's Book Boutique.
  1610 | D:2      | Noticed Terence
  1625 | D:2      | Gained mutation: Your flesh is cold resistant. (rC+)
                  | [potion of mutation]
  1625 | D:2      | Gained mutation: You expend magic power (3 MP) to
                  | strengthen your wands. [potion of mutation]
  1625 | D:2      | Slain by Terence

Illustrated notes

Levels and vault maps discovered:
D:1:      dpeg_arrival_another_circle, layout_loops_ring, patterned_corridor
D:2:      layout_loops_corners, serial_shops, shop_fountains, shop, shop_statue,
          nicolae_shop_advertising_works [nicolae_subvault_shop_adworks],
          nicolae_shop_behind_doors, basic_ecumenical_altar, uniq_terence,
          uniq_natasha, uniq_jessica, uniq_robin

Action                   |  1- 3 |  4- 6 || total
-------------------------+-------+-------++-------
Melee: Unarmed           |     1 |       ||     1
       Short sword       |    17 |     1 ||    18
       Punch             |     1 |       ||     1
 Cast: Magic Dart        |    35 |       ||    35
       Searing Ray       |     3 |     1 ||     4
  Use: Potion            |       |     1 ||     1
 Stab: Sleeping          |     1 |       ||     1
Armor: Robe              |     3 |       ||     3
Dodge: Dodged            |    11 |     4 ||    15

Table legend: (Time is in decaauts)
 A = Elapsed time spent in this place.
 B = Non-inter-level travel time spent in this place.
 C = Inter-level travel time spent in this place.
 D = Time resting spent in this place.
 E = Time spent auto-exploring this place.
 F = Levels seen in this place.
 G = Mean time per level.
                   A        B        C        D        E       F      G
               +--------+--------+--------+--------+--------+-----+--------+
         Total |   1625 |   1587 |     38 |    260 |    979 |   2 |  812.5 |
       Dungeon |   1625 |   1587 |     38 |    260 |    979 |   2 |  812.5 |
               +--------+--------+--------+--------+--------+-----+--------+

Top non-repeatable levels by time:
     D:1: 924 daAuts
     D:2: 700 daAuts
